 Dungeon Crawl Stone Soup version 0.18-a0-1649-g8d9735b (webtiles) character file.

206 ShittyPlayer the Conjurer (level 5, -2/35 HPs)
             Began as a Demonspawn Wizard on Mar 29, 2016.
             Was an Initiate of Vehumet.
             Slain by M4edhros's ghost (8 damage)
             ... in a sewer on Mar 30, 2016.
             The game lasted 00:18:07 (3886 turns).

ShittyPlayer the Conjurer (Demonspawn Wizard)       Turns: 3886, Time: 00:18:08

Health: -2/35      AC:  2    Str: 13    XL:     5   Next: 53%
Magic:  11/11      EV: 17    Int: 20    God:    Vehumet [......]
Gold:   104        SH:  0    Dex: 16    Spells: 3 memorised, 5 levels left

rFire  . . .     SeeInvis .     i - +1 hand axe
rCold  . . .     Gourm    .     a - +0 robe
rNeg   . . .     Faith    .     (no shield)
rPois  .         Spirit   .     b - +0 hat
rElec  .         Dismiss  .     (no cloak)
rCorr  .         Reflect  .     (no gloves)
SustAt .         Harm     .     (no boots)
MR     .....                    (no amulet)
Stlth  +++.......               (no ring)
                                (no ring)

@: mighty, agile, not resistant to hostile enchantments, fairly stealthy
A: hooves 1, powered by pain 2
a: Renounce Religion


You were in a sewer.
You worshipped Vehumet.
Vehumet was noncommittal.
You were not hungry.

You visited 1 branch of the dungeon, and saw 4 of its levels.
You also visited: Sewer.

You collected 104 gold pieces.

Inventory:

Hand Weapons
 i - a +1 hand axe (weapon)
Armour
 a - a +0 robe (worn)
 b - a +0 hat (worn)
Wands
 r - a wand of acid (9/15)
Scrolls
 k - 2 scrolls of identify {unknown}
 m - 4 scrolls of amnesia {unknown}
 n - a scroll of enchant armour {unknown}
Potions
 e - a potion of flight
 g - a potion of mutation {unknown}
 l - a potion of curing
 o - a potion of lignification {unknown}
 s - a potion of beneficial mutation {unknown}
 t - a potion of invisibility {unknown}
Books
 c - a book of Minor Magic

   Spells                             Type                      Level
   a - Magic Dart                     Conjuration                  1
   b - Blink                          Translocation                2
   c - Call Imp                       Summoning                    2
   d - Repel Missiles                 Charms/Air                   2
   e - Slow                           Hexes                        2
   f - Conjure Flame                  Conjuration/Fire             3
   g - Mephitic Cloud                 Conjuration/Poison/Air       3
Comestibles
 d - a bread ration
 f - a slice of pizza
 h - a meat ration
 j - a beef jerky


   Skills:
 - Level 1.7 Dodging
 - Level 1.7 Stealth
 + Level 4.1 Spellcasting
 + Level 4.5 Conjurations
   Level 1.0 Summonings
   Level 0.8 Translocations


You had 5 spell levels left.
You knew the following spells:

 Your Spells              Type           Power        Failure   Level  Hunger
a - Magic Dart            Conj           ###.         1%          1    None
c - Mephitic Cloud        Conj/Pois/Air  ##......     21%         3    ###....
f - Conjure Flame         Conj/Fire      ##......     17%         3    ###....


Dungeon Overview and Level Annotations

Branches:
Dungeon (4/15)             Temple (0/1) D:4

Altars:
Ashenzari
Gozag
Kikubaaqudgha
Qazlal
Sif Muna
Trog
Vehumet
Yredelemnul

Annotations:
Sewer M4edhros's ghost, amateur OpWn; Purgy


Innate Abilities, Weirdness & Mutations

You have large cloven feet.
You sometimes gain power by taking damage.


Message History

Drink which item? (? for menu, Esc to quit)
Gozag petitions for your drink to fail. M4edhros's ghost hits you!
You focus on the pain.
You feel agile all of a sudden.
Drink which item? (? for menu, Esc to quit)
Gozag petitions for your drink to fail. M4edhros's ghost hits you!
* * * LOW HITPOINT WARNING * * *
You focus on the pain.
You feel very mighty all of a sudden.
You see here a bat corpse.
Read which item? (? for menu, Esc to quit)
Okay, then.
Drink which item? (? for menu, Esc to quit)
It was a potion of curing.
You feel better. M4edhros's ghost hits you.
You see here a bat corpse.
M4edhros's ghost hits you.
* * * LOW HITPOINT WARNING * * *
M4edhros's ghost hits you!
You die...

### ##.##
##.∩.##
##..T†.##
#...≈††.#
#..≈≈≈..#
#.W≈≈≈≈.#
#.@≈≈≈..#
#...≈...#
##.....##
##...##
##.## #.#
#.# #.#
#.#


You could see Purgy and M4edhros's ghost.

Vanquished Creatures
  2 orc priests (D:3)
  An orc wizard (D:3)
  3 worms (D:2)
  2 dart slugs (D:1)
  3 giant geckos
  15 orcs
  5 giant cockroaches (D:3)
  12 goblins
  7 hobgoblins
  3 jackals (D:3)
  4 kobolds
  2 quokkas
  A ball python (D:2)
  17 bats
  2 giant newts (D:2)
  6 rats
85 creatures vanquished.

Notes
Turn   | Place    | Note
--------------------------------------------------------------
     0 | D:1      | ShittyPlayer the Demonspawn Wizard began the quest for the Orb.
     0 | D:1      | Reached XP level 1. HP: 13/13 MP: 4/4
   176 | D:1      | Gained mutation: You have large cloven feet. [demonic ancestry]
   176 | D:1      | Reached XP level 2. HP: 16/19 MP: 0/6
  1030 | D:2      | Gained mutation: You sometimes gain a little power by taking damage. [demonic ancestry]
  1030 | D:2      | Reached XP level 3. HP: 24/24 MP: 5/7
  1096 | D:2      | Learned a level 3 spell: Mephitic Cloud
  1100 | D:2      | Learned a level 3 spell: Conjure Flame
  1534 | D:2      | Found a bloodstained altar of Trog.
  1883 | D:2      | Found a bloodstained altar of Trog.
  1886 | D:2      | Found a basalt altar of Yredelemnul.
  1891 | D:2      | Found a shattered altar of Ashenzari.
  2068 | D:3      | Gained mutation: You sometimes gain power by taking damage. [demonic ancestry]
  2068 | D:3      | Reached XP level 4. HP: 30/30 MP: 2/8
  2420 | D:3      | Found a faded altar to an unknown god.
  2428 | D:3      | Became a worshipper of Gozag Ym Sagoz the Greedy
  2428 | D:3      | Fell from the grace of Gozag
  3205 | D:3      | Reached XP level 5. HP: 13/35 MP: 2/10
  3297 | D:3      | Found a deep blue altar of Sif Muna.
  3297 | D:3      | Found an ancient bone altar of Kikubaaqudgha.
  3298 | D:3      | Found a radiant altar of Vehumet.
  3301 | D:3      | Identified Kikubaaqudgha's Handbook of Stolen Souls
  3312 | D:3      | Became a worshipper of Vehumet
  3580 | D:3      | Found a stormy altar of Qazlal.
  3768 | D:4      | Found a glowing drain.
  3775 | Sewer    | Entered a sewer
  3864 | Sewer    | Noticed M4edhros's ghost (amateur OpWn)
  3865 | Sewer    | Noticed Purgy
  3886 | Sewer    | Slain by M4edhros's ghost

Vault maps used:
D:1:      minmay_arrival_three_doors
D:2:      grunt_temple_overflow_diamond, trog_book
D:3:      grunt_temple_overflow_magic_moments, ecumenical_altar_2,
          grunt_qazlal_clouds
D:4:      temple_hall, lightli_sewer_entry_pipes, ashenzari_altar_1
Sewer:    sewer_big_baddie

Skill      XL: |  1  2  3  4  5 |
---------------+----------------+-----
Conjurations   | 2 3 4 |  4.5
Spellcasting   | 4 |  4.1
Dodging        | |  1.7
Stealth        | |  1.7
Summonings     | |  1.0
Translocations | |  0.8

Action                   |  1- 3 |  4- 6 || total
-------------------------+-------+-------++-------
Melee: Unarmed           |    18 |       ||    18
       Hand axe          |    32 |    30 ||    62
 Cast: Magic Dart        |   103 |    87 ||   190
       Mephitic Cloud    |     4 |     6 ||    10
Invok: Renounce Religion |       |     1 ||     1
  Use: Potion            |       |     2 ||     2
       Scroll            |       |     3 ||     3
 Stab: Confused          |     4 |       ||     4
  Eat: Chunk             |     3 |     7 ||    10
